 Dungeon Crawl Stone Soup version 0.31-a0-1424-g2add1c7226 (webtiles) character file.

Game seed: 5819380256774941396

555 Dordric the Magician (level 7, 0/53 HPs)
             Began as a Djinni Alchemist on Dec 26, 2023.
             Killed from afar by a white imp (15 damage)
             ... with a puff of frost
             ... on level 5 of the Dungeon.
             The game lasted 00:03:53 (3590 turns).

Dordric the Magician (Djinni Alchemist)             Turns: 3590, Time: 00:03:54

Health: 0/53       AC:  3    Str: 12    XL:     7   Next: 55%
Gold:   174        EV: 27    Int: 19    God:
                   SH:  0    Dex: 13

rFire   + + .        m - +5 hand axe of Uqoleih {elec, Str+5}
rCold   x . .        (no shield)
rNeg    . . .        a - +0 robe
rPois   ∞            (no helmet)
rElec   .            e - +0 cloak
rCorr   .            (no gloves)
SInv    .            (boots unavailable)
Will    .....        b - amulet of the acrobat
Stlth   ++           (no ring)
HPRegen 0.28/turn    (no ring)
MPRegen 0.00/turn

%: acrobat, infuse magic (-1 HP)
@: acrobatic, flying
A: sickness immunity, fire resistance 2, cold vulnerability 1, float, innate
caster, HP casting, extra vitality 1
a: no special abilities


You were on level 5 of the Dungeon.
You visited 1 branch of the dungeon, and saw 5 of its levels.

You collected 174 gold pieces.

Inventory:

Hand Weapons
 c - a +3 dagger
 m - the +5 hand axe of Uqoleih (weapon) {elec, Str+5}
   (You found it on level 2 of the Dungeon)

   Str+5:     It affects your strength (+5).
Armour
 a - a +0 robe (worn)
 e - a +0 cloak (worn)
 l - the +0 ring mail of Xom's Pride {rElec Str+2 Int+2}
   (You found it on level 2 of the Dungeon)

   Str+2:     It affects your strength (+2).
   Int+2:     It affects your intelligence (+2).
   rElec:     It insulates you from electricity.
Jewellery
 b - an amulet of the acrobat (around neck)
Wands
 p - a wand of mindburst (15)
Scrolls
 h - a scroll of blinking {unknown}
 j - a scroll of enchant weapon {unknown}
 n - 3 scrolls of identify {unknown}
 q - 2 scrolls of teleportation {unknown}
 r - a scroll of torment {unknown}
Potions
 d - a potion of curing {unknown}
 f - a potion of brilliance {unknown}
 g - a potion of lignification {unknown}
 i - 2 potions of berserk rage {unknown}
 k - a potion of heal wounds {unknown}
 o - a potion of haste {unknown}
 s - 2 potions of attraction {unknown}


   Skills:
 + Level 4.9 Fighting
 - Level 2.7 Dodging
 - Level 2.0 Stealth
 + Level 5.0 Spellcasting
 + Level 5.0 Conjurations
 + Level 5.0 Hexes
 + Level 5.0 Summonings
 + Level 5.0 Necromancy
 + Level 5.0 Translocations
 + Level 5.0 Fire Magic
 + Level 5.0 Ice Magic
 + Level 5.0 Air Magic
 + Level 5.0 Earth Magic
 + Level 5.0 Alchemy


You knew the following spells:

 Your Spells              Type           Power      Damage    Failure   Level
a - Sting                 Conj/Alch      96%        1d9       1%          1
b - Mercury Vapours       Alch/Air       48%        N/A       2%          2
c - Mephitic Cloud        Conj/Alch/Air  24%        N/A       4%          3
d - Olgreb's Toxic Radia  Alch           24%        N/A       16%         4
e - Sticky Flame          Fire/Alch      24%        2d6       16%         4
f - Foxfire               Conj/Fire      96%        2x1d8     1%          1
g - Lesser Beckoning      Tloc           48%        N/A       2%          2
h - Searing Ray           Conj           48%        2d6       2%          2
Your spell library was empty.

Dungeon Overview and Level Annotations

Branches:
Dungeon (5/15)
 Temple: D:4-7

Altars:
Cheibriados
Ru
Wu Jian
Zin


Innate Abilities, Weirdness & Mutations

You are immune to sickness and miasma.
You are immune to poison.
Your flesh is very heat resistant. (rF++)
You are vulnerable to cold. (rC-)
You float through the air rather than walking.
You learn spells naturally, not from books.
Your magical power is your life essence.
You have superior vitality. (+4 MHP)


Message History

Your Earth Magic skill increases to level 5!
Your Alchemy skill increases to level 5!
HP restored.
i - 2 viscous pink potions (gained 1)
You reach down and open the door.
A bombardier beetle comes into view.
The bombardier beetle sprays incendiary fluid at you.
The burning spray misses you.
Found a sacrificial altar of Ru.
A bombardier beetle is nearby!
A bombardier beetle is nearby!
A bombardier beetle is nearby!
A bombardier beetle is nearby!
The searing ray hits the bombardier beetle.
The bombardier beetle is lightly wounded. (Press . to maintain the ray.)
A white imp comes into view.
The searing ray hits the bombardier beetle.
The bombardier beetle is moderately wounded.
The white imp shouts!
The white imp gestures at you. The puff of frost hits you.
You feel a terrible chill!
The searing ray misses the bombardier beetle.
The searing ray hits the bombardier beetle!
The bombardier beetle is severely wounded.
You finish channelling your searing ray.
The searing ray hits the white imp.
The white imp is heavily wounded. (Press . to maintain the ray.)
There are monsters nearby!
The searing ray misses the white imp.
The white imp gestures at you. The puff of frost hits you!
You feel a terrible chill!
The searing ray misses the white imp.
The white imp completely misses you. The white imp gestures at you.
The puff of frost hits you!
You feel a terrible chill!
* * * LOW HITPOINT WARNING * * *
The white imp gestures at you. The puff of frost hits you!
You feel a terrible chill!
You die...

#.#..#######.
#....##.>....
♣+♣♣♣
#...###.#####
♣....
.......§......<..
♣.###.
######..#########
♣.....♣## #..#
+.._..'.### #..#
♣B5.#######..#
♣.#..@.......#
♣...########.#
♣#.## #.# #.# #.#
..# ... ###


You could see a bombardier beetle and a white imp.

Vanquished Creatures
  A black bear (D:3)
  A phantom (D:5)
  A scorpion (D:4)
  A howler monkey (D:3)
  2 orc priests (D:3)
  A hound (D:4)
  A sleepcap (D:2)
  Ijyb (D:3)
  An orc wizard (D:4)
  5 adders
  A white imp (D:4)
  A worm (D:3)
  A dart slug (D:4)
  9 orcs
  5 ball pythons
  8 endoplasms
  3 giant cockroaches
  8 hobgoblins
  3 jackals (D:2)
  2 quokkas
  5 bats
  2 frilled lizards (D:3)
  4 goblins
  6 kobolds
  5 rats
78 creatures vanquished.

Vanquished Creatures (others)
  A foxfire (D:3)
1 creature vanquished.

Grand Total: 79 creatures vanquished

Notes
Turn   | Place    | Note
-------+----------+-------------------------------------------
     0 | D:1      | Dordric the Djinni Alchemist began the quest for the Orb.
     0 | D:1      | Dordric set off with the following spells memorised: Sting,
                  | Mercury Vapours, Mephitic Cloud, Olgreb's Toxic Radiance,
                  | Sticky Flame.
     0 | D:1      | Reached XP level 1. HP: 15/15 MP: 0/0
   134 | D:1      | Reached XP level 2. HP: 18/21 MP: 0/0
   622 | D:2      | Reached XP level 3. HP: 18/25 MP: 0/0
   622 | D:2      | Learned a level 1 spell: Foxfire
   694 | D:2      | Identified the +0 ring mail of Xom's Pride {rElec Str+2
                  | Int+2}
   819 | D:2      | Identified the +5 hand axe of Uqoleih {elec, Str+5}
   929 | D:2      | Reached skill level 1 in Fighting
   930 | D:2      | Reached XP level 4. HP: 20/32 MP: 0/0
  1239 | D:3      | Reached XP level 5. HP: 36/38 MP: 0/0
  1239 | D:3      | Learned a level 2 spell: Lesser Beckoning
  1495 | D:3      | Noticed a black bear
  1501 | D:3      | Killed a black bear
  1502 | D:3      | Reached XP level 6. HP: 17/46 MP: 0/0
  1748 | D:3      | Found a faded altar of an unknown god.
  1918 | D:3      | Noticed Ijyb
  1930 | D:3      | Killed Ijyb
  2261 | D:3      | Found an ornate altar of the Wu Jian Council.
  2519 | D:4      | Reached XP level 7. HP: 52/52 MP: 0/0
  2519 | D:4      | Learned a level 2 spell: Searing Ray
  2526 | D:4      | Found a snail-covered altar of Cheibriados.
  2727 | D:4      | Found a glowing silver altar of Zin.
  3447 | D:5      | Entered Level 5 of the Dungeon
  3490 | D:5      | Reached skill level 5 in Spellcasting
  3490 | D:5      | Reached skill level 5 in Conjurations
  3490 | D:5      | Reached skill level 5 in Hexes
  3490 | D:5      | Reached skill level 5 in Summonings
  3490 | D:5      | Reached skill level 5 in Necromancy
  3490 | D:5      | Reached skill level 5 in Translocations
  3490 | D:5      | Reached skill level 5 in Fire Magic
  3490 | D:5      | Reached skill level 5 in Ice Magic
  3490 | D:5      | Reached skill level 5 in Air Magic
  3490 | D:5      | Reached skill level 5 in Earth Magic
  3490 | D:5      | Reached skill level 5 in Alchemy
  3579 | D:5      | Found a sacrificial altar of Ru.
  3590 | D:5      | Killed from afar by a white imp

Illustrated notes

Levels and vault maps discovered:
D:1:      eino_arrival_cavern_d, layout_rooms
D:2:      layout_rooms, nicolae_figureground_pulse
D:3:      layout_basic, mainiacjoe_overflow_swirl,
          dreamdust_ecumenical_altar_statues, uniq_ijyb
D:4:      layout_basic, kennysheep_slug_shrine, kennysheep_mini_moat,
          corexii_leaking_fountain
D:5:      layout_loops_ring, mainiacjoe_overflow_six_doors_small,
          mainiacjoe_overflow_paths, nzn_hepliaklqana_mist_gate,
          gammafunk_ghost_gnarly_gnolls, minmay_small_thing

Skill      XL: |  1  2  3  4  5  6  7 |
---------------+----------------------+-----
Stealth        | 2 |  2.0
Fighting       | 1 2 3 4 |  4.9
Spellcasting   | 4 5 |  5.0
Conjurations   | 4 5 |  5.0
Hexes          | 4 5 |  5.0
Summonings     | 4 5 |  5.0
Necromancy     | 4 5 |  5.0
Translocations | 4 5 |  5.0
Fire Magic     | 4 5 |  5.0
Ice Magic      | 4 5 |  5.0
Air Magic      | 4 5 |  5.0
Earth Magic    | 4 5 |  5.0
Alchemy        | 4 5 |  5.0
Dodging        | |  2.7

Action                     |  1- 3 |  4- 6 |  7- 9 || total
---------------------------+-------+-------+-------++-------
  Melee: Unarmed           |     5 |       |       ||     5
         Dagger            |     3 |       |       ||     3
         Hand axe          |    11 |    97 |    44 ||   152
         Punch             |       |       |     1 ||     1
   Cast: Sting             |    51 |       |     1 ||    52
         Lesser Beckoning  |       |     1 |       ||     1
         Mephitic Cloud    |       |     9 |     6 ||    15
         Mercury Vapours   |       |     1 |     4 ||     5
         Foxfire           |       |     1 |       ||     1
         Searing Ray       |       |       |     4 ||     4
   Stab: Sleeping          |     1 |     3 |       ||     4
         Confused          |       |     2 |     1 ||     3
 Armour: Robe              |    22 |    57 |    24 ||   103
  Dodge: Dodged            |    40 |    60 |    26 ||   126

Table legend: (Time is in decaauts)
 A = Elapsed time spent in this place.
 B = Non-inter-level travel time spent in this place.
 C = Inter-level travel time spent in this place.
 D = Time resting spent in this place.
 E = Time spent auto-exploring this place.
 F = Levels seen in this place.
 G = Mean time per level.
                   A        B        C        D        E       F      G
               +--------+--------+--------+--------+--------+-----+--------+
         Total |   3633 |   3509 |    124 |     23 |   2876 |   5 |  726.6 |
       Dungeon |   3633 |   3509 |    124 |     23 |   2876 |   5 |  726.6 |
               +--------+--------+--------+--------+--------+-----+--------+

Top non-repeatable levels by time:
     D:3: 1245 daAuts
     D:4: 1010 daAuts
     D:2: 620 daAuts
     D:1: 612 daAuts
     D:5: 144 daAuts
